 Dungeon Crawl Stone Soup version 0.28.0-43-g3370ac3207 (webtiles) character file.

Game seed: 12701691385967684567

138966 Peloso the Peltast (level 16, -7/149 HPs)
             Began as a Minotaur Fighter on Mar 16, 2022.
             Was the Champion of Okawaru.
             Killed from afar by a naga mage (8 damage)
             ... with a bolt of poison
             ... on level 2 of the Snake Pit.
             The game lasted 01:24:29 (35614 turns).

Peloso the Peltast (Minotaur Fighter)              Turns: 35614, Time: 01:24:30

Health: -7/149     AC: 26    Str: 33    XL:     16   Next: 72%
Magic:  26/26      EV: 12    Int: 12    God:    Okawaru [******]
Gold:   2194       SH: 28    Dex: 15    Spells: 15/15 levels left

rFire   . . .      SeeInvis .   a - +3 double sword (elec)
rCold   + + +      Faith    .   Z - +2 tower shield of the Carpenter {rElec Int+2}
rNeg    + . .      Spirit   .   V - +0 shadow dragon scales
rPois   +          Reflect  +   k - +1 hat
rElec   +          Harm     .   m - +2 cloak of the Eternal Fruit {rPois}
rCorr   +          Rampage  +   I - +1 pair of gloves "Suasuhol" {Drain rC+++ rN+ Dex+5}
Will    +....                   t - +0 pair of boots of Indemnity {Rampage *Slow rElec Slay+6}
Stlth   +++++.....              W - amulet of Foniah {Reflect rCorr Int+5 Dex-2 SH+5 Stlth+}
HPRegen 0.34/turn               y - ring of Vodka {MP+9 Slay+3}
MPRegen 0.20/turn               A - +6 ring of strength

@: lethally poisoned (-7 -> -21), slowed, studying Necromancy, very slow
A: horns 2, retaliatory headbutt
a: Renounce Religion, Heroism, Finesse, Duel


You were on level 2 of the Snake Pit.
You worshipped Okawaru.
Okawaru was exalted by your worship.
You visited 4 branches of the dungeon, and saw 25 of its levels.
You also visited: Bailey and Gauntlet.

You collected 2916 gold pieces.
You spent 722 gold pieces at shops.

Inventory:

Hand Weapons
 a - a +3 double sword of electrocution (weapon)
 b - a +4 scimitar of flaming
Armour
 c - the +1 plate armour of Zofryoco {Drain rPois rC++ rN+}
   (You took it off an orc knight on level 15 of the Dungeon)

   rC:        It greatly protects you from cold.
   rPois:     It protects you from poison.
   rN:        It protects you from negative energy.
   Drain:     It drains your maximum health when unequipped.
 k - a +1 hat (worn)
 m - the +2 cloak of the Eternal Fruit (worn) {rPois}
   (Okawaru gifted it to you on level 1 of the Lair of Beasts)

   rPois:     It protects you from poison.
 p - a +0 pair of boots of flying
 t - the +0 pair of boots of Indemnity (worn) {Rampage *Slow rElec Slay+6}
   (Okawaru gifted it to you on level 13 of the Dungeon)

   Slay:      It affects your accuracy & damage with ranged weapons and melee
   (+6).
   rElec:     It insulates you from electricity.
   *Slow:     It may slow you when you take damage.
   Rampage:   It bestows one free step when moving towards enemies.
 I - the +1 pair of gloves "Suasuhol" (worn) {Drain rC+++ rN+ Dex+5}
   (You bought it in a shop on level 2 of the Orcish Mines)

   Dex:       It affects your dexterity (+5).
   rC:        It renders you almost immune to cold.
   rN:        It protects you from negative energy.
   Drain:     It drains your maximum health when unequipped.
 V - +0 shadow dragon scales (worn)
 Z - the +2 tower shield of the Carpenter (worn) {rElec Int+2}
   (Okawaru gifted it to you on level 15 of the Dungeon)

   Int:       It affects your intelligence (+2).
   rElec:     It insulates you from electricity.
Jewellery
 f - a ring of see invisible
 g - a +6 ring of intelligence
 y - the ring of Vodka (left hand) {MP+9 Slay+3}
   (You found it on level 14 of the Dungeon)

   [ring of magical power]

   Slay:      It affects your accuracy & damage with ranged weapons and melee
   (+3).
   MP:        It affects your magic capacity (+9).
 A - a +6 ring of strength (right hand)
 W - the amulet of Foniah (around neck) {Reflect rCorr Int+5 Dex-2 SH+5 Stlth+}
   (You found it in a Gauntlet)

   [amulet of reflection]

   It reflects blocked missile attacks.
   Int:       It affects your intelligence (+5).
   Dex:       It affects your dexterity (-2).
   rCorr:     It protects you from acid and corrosion.
   SH:        It affects your SH (+5).
   Stlth:     It makes you more stealthy.
Wands
 l - a wand of flame (8)
Scrolls
 e - 2 scrolls of fear
 h - 4 scrolls of immolation
 j - a scroll of enchant armour
 n - 8 scrolls of noise
 o - a scroll of identify
 q - 10 scrolls of teleportation
 x - 4 scrolls of magic mapping
 N - 3 scrolls of blinking
 T - a scroll of acquirement
Potions
 d - 3 potions of might
 i - 10 potions of curing
 r - a potion of berserk rage
 s - 6 potions of brilliance
 C - 3 potions of heal wounds
 D - 4 potions of invisibility {unknown}
 E - 2 potions of magic {unknown}
 G - 4 potions of lignification {unknown}
 K - 3 potions of resistance {unknown}
 P - 2 potions of haste {unknown}
 R - 2 potions of flight {unknown}


   Skills:
 + Level 15.4 Fighting
 + Level 2.3(11.0) Short Blades
 + Level 17.9(18.0) Long Blades
 + Level 16.4 Armour
 + Level 7.4 Dodging
 + Level 6.5 Stealth
 + Level 19.8 Shields
 + Level 2.9 Invocations
 + Level 1.9 Evocations


You had 15 spell levels left.
You didn't know any spells.
Your spell library contained the following spells:

 Spells                   Type           Power      Damage    Failure   Level
 Foxfire                  Conj/Fire      0%         2x1d4     89%         1
 Freeze                   Ice            0%         1d3       89%         1
 Magic Dart               Conj           0%         1d3       89%         1
 Pain                     Necr           0%         1d4       89%         1
 Blink                    Tloc           0%         N/A       96%         2
 Ensorcelled Hibernation  Hex/Ice        0%         N/A       96%         2
 Passwall                 Tmut/Erth      0%         N/A       96%         2
 Static Discharge         Conj/Air       0%         N/A       96%         2
 Wereblood                Tmut           0%         N/A       96%         2
 Confusing Touch          Hex            0%         N/A       99%         3
 Conjure Flame            Conj/Fire      0%         6-21      99%         3
 Dazzling Flash           Conj/Hex       0%         N/A       99%         3
 Frozen Ramparts          Ice            0%         1d2       99%         3
 Gell's Gravitas          Tloc           0%         N/A       99%         3
 Ignite Poison            Fire/Tmut/Pois 0%         N/A       99%         3
 Inner Flame              Hex/Fire       0%         N/A       99%         3
 Lesser Beckoning         Tloc           0%         N/A       99%         3
 Mephitic Cloud           Conj/Pois/Air  0%         N/A       99%         3
 Swiftness                Air            0%         N/A       99%         3
 Teleport Other           Tloc           0%         N/A       99%         3
 Vampiric Draining        Necr           0%         2d6       99%         3
 Flame Wave               Conj/Fire      0%         2d4       100%        4
 Hailstorm                Conj/Ice       0%         3d3       100%        4
 Ice Form                 Ice/Tmut       0%         N/A       100%        4
 Iskenderun's Mystic Bla  Conj/Tloc      0%         2d3       100%        4
 Leda's Liquefaction      Hex/Erth       0%         N/A       100%        4
 Olgreb's Toxic Radiance  Pois           0%         N/A       100%        4
 Petrify                  Tmut/Erth      0%         N/A       100%        4
 Agony                    Necr           0%         N/A       100%        5
 Excruciating Wounds      Necr           0%         N/A       100%        5
 Freezing Cloud           Conj/Ice/Air   0%         6-21      100%        5
 Irradiate                Conj/Tmut      0%         3d13      100%        5
 Lee's Rapid Deconstruct  Erth           0%         3d5*      100%        5
 Lightning Bolt           Conj/Air       0%         1d11      100%        5
 Manifold Assault         Tloc           0%         N/A       100%        5
 Yara's Violent Unravell  Hex/Tmut       0%         3d3       100%        5
 Starburst                Conj/Fire      0%         6d3       100%        6
 Statue Form              Tmut/Erth      0%         N/A       100%        6
 Enfeeble                 Hex            0%         N/A       100%        7
 Ozocubu's Refrigeration  Ice            0%         4d5       100%        7
 Storm Form               Tmut/Air       0%         N/A       100%        7
 Ignition                 Fire           0%         3d3       100%        8
 Maxwell's Capacitive Co  Air            0%         ∞         100%        8
 Animate Skeleton         Necr           Unusable   N/A       N/A         1
 Summon Small Mammal      Summ           Unusable   N/A       N/A         1
 Call Imp                 Summ           Unusable   N/A       N/A         2
 Summon Ice Beast         Ice/Summ       Unusable   N/A       N/A         4

Dungeon Overview and Level Annotations

Branches:
Dungeon (15/15)            Temple (0/1) D:4            Lair (6/6) D:9
  Swamp (0/4) Lair:2        Snake (2/4) Lair:2        Slime (0/5) Lair:6
    Orc (2/2) D:9             Elf (0/3) Orc:2        Vaults (0/5) D:13
 Depths (0/4) D:15         Bailey (visited)         Gauntlet (visited)

Altars:
Ashenzari
Cheibriados
Dithmenos
Elyvilon
Fedhas
Gozag
Kikubaaqudgha
Makhleb
Okawaru
Qazlal
Uskayaw
Vehumet
Wu Jian
Zin
The Shining One
Beogh

Shops:
D:10 *   D:12 ***:[   Orc:1 =   Orc:2 [[(([   Snake:2 *![

Annotations:
Lair:3 Casa


Innate Abilities, Weirdness & Mutations

You have a pair of horns on your head.
You reflexively headbutt those who attack you in melee.


Message History

The naga spits poison at you.
The splash of poison reflects off an invisible shield around you!
The splash of poison hits the naga but does no damage.
The salamander hits you with a +2 spear.
You are engulfed in flames!
You block the naga's attack. x2
The naga hits you with a +0 glaive! The naga grabs you.
The naga constricts you.
You escape the naga's grasp.
You block the salamander's attack. You block the naga's attack.
You see here a +0 dire flail.
You slash the naga!
You kill the naga!
Okawaru accepts your kill. You block the salamander's attack.
The salamander hits you from afar with a +2 spear!
You are engulfed in flames!
You block the black mamba's attack.
You hit the black mamba. You headbutt the black mamba!
The black mamba is heavily wounded.
The black mamba bites you!
* * * LOW HITPOINT WARNING * * *
You block the black mamba's attack. You block the salamander's attack.
You slash the black mamba! Your headbutt misses the black mamba.
The black mamba is almost dead.
You block the black mamba's attack.
The naga mage points at you and mumbles some strange words.
The bolt of poison misses the black mamba.
The bolt of poison hits you!
You are poisoned.
You resist.
* * * LOW HITPOINT WARNING * * *
You block the black mamba's attack.
The salamander hits you from afar with a +2 spear!!
* * * LOW HITPOINT WARNING * * *
You are engulfed in flames!
* * * LOW HITPOINT WARNING * * *
The naga mage casts a spell at you.
The bolt of poison hits the black mamba.
The black mamba dies!
The bolt of poison hits you! You resist.
You die...

#....#. .# .....#.## ##.#
.....#..# #..#
.....#..###..# ##### #
.....#...#...# ....#.#
...####.###.#### .......
.###.#.......#.###N......
.......∩.∩.∩....@)N......
####.#.......#.###N......
.# ####.###.#### ......#
.# #...#...# ....### .##
#..###..# ....# ..# #..#
#..# ....# ..# #.## ##.#
.##.. ..## #. .# .. ...
...#.#


You could see a salamander (strong), a naga mage (strong) and a naga (strong).

Vanquished Creatures
  Jorgrun (D:15)
  Rupert (D:13)
  Asterion (Snake:1)
  Gastronok (D:12)
  A sphinx (D:14)
  Kirke (D:12)
  The ghost of Lyniq the Alchemist, a journeyman DrTm of Wu Jian (D:15)
  A fire giant (D:14)
  Aizul (Snake:2)
  Louise (D:15)
  A quicksilver ooze (Gauntlet)
  A stone giant (D:15)
  Azrael (D:13)
  A minotaur (Gauntlet)
  Josephine (Lair:3)
  2 naga warriors
  Erolcha (D:12)
  3 anacondas
  5 boulder beetles
  13 hydras
  A catoblepas (D:13)
  3 ogre magi
  11 centaur warriors
  5 tengu warriors
  5 death yaks (Lair:2)
  2 naga sharpshooters (Snake:1)
  18 two-headed ogres
  2 orc high priests
  3 shock serpents
  Urug (D:13)
  Sonja (D:11)
  A salamander mystic (Snake:1)
  2 naga ritualists (Snake:1)
  Pikel (D:5)
  10 orc knights
  An orc sorcerer (Orc:2)
  3 deep elf pyromancers
  4 mana vipers (Snake:1)
  2 ugly things
  4 cyclopes
  A salamander (Snake:2)
  3 manticores
  3 oklob plants
  Maurice (Orc:1)
  An apocalypse crab (Gauntlet)
  A moth of wrath (Gauntlet)
  A black mamba (shapeshifter) (D:14)
  12 black mambas
  A guardian serpent (Snake:2)
  8 elephants
  2 cane toads
  5 torpor snails
  2 molten gargoyles (D:14)
  A gargoyle (D:11)
  6 naga magi
  5 yaktaurs (D:15)
  2 rime drakes
  12 komodo dragons
  A freezing wraith (D:15)
  2 efreet
  A tengu conjurer (D:15)
  5 polar bears
  13 trolls
  A queen bee (shapeshifter) (D:14)
  A tarantella (shapeshifter) (D:14)
  6 hornets
  10 slime creatures
  13 blink frogs
  4 dream sheep (Lair:6)
  A shadow (D:10)
  35 yaks
  12 spriggans (Lair:6)
  2 hogs (D:12)
  6 wraiths
  6 fire elementals
  4 humans (D:12)
  5 basilisks
  9 wyverns
  8 vampire mosquitoes (Lair:2)
  Grum (Bailey)
  Menkaure (D:5)
  3 steam dragons
  5 wargs
  15 nagas
  15 water moccasins
  A two-headed ogre zombie (Orc:1)
  3 hell hounds (D:13)
  44 orc warriors
  6 black bears
  19 ogres
  7 boggarts
  A necrophage (D:6)
  78 wolves
  21 centaurs
  4 kobold brigands
  3 lemures (D:5)
  8 bullfrogs
  6 gnoll sergeants (Bailey)
  A scorpion (D:6)
  A water moccasin zombie (D:5)
  A wyvern skeleton (D:6)
  A hornet simulacrum (D:15)
  17 wights
  5 howler monkeys
  3 electric eels (D:9)
  A centaur zombie (D:9)
  A lava snake (D:14)
  2 bullfrog zombies
  8 jellies
  15 orc priests
  4 hounds
  5 gnoll shamans
  11 iguanas
  Jessica (D:2)
  17 orc wizards
  A howler monkey zombie (D:10)
  20 gnolls
  2 howler monkey skeletons
  3 adders
  A shadow imp (D:6)
  2 white imps
  An adder skeleton (D:4)
  A worm (D:2)
  3 dart slugs
  113 orcs
  4 endoplasms
  3 giant cockroaches
  15 goblins
  11 hobgoblins
  12 jackals
  4 quokkas
  12 ball pythons
  3 bats
  29 frilled lizards
  22 kobolds
  5 rats
  2 bushes (Lair:3)
  A fire vortex (D:14)
  A fungus (Lair:6)
937 creatures vanquished.

Vanquished Creatures (others)
  A black mamba (Snake:2)
  An orc wizard (D:11)
  29 fungi
  41 plants
72 creatures vanquished.

Grand Total: 1009 creatures vanquished

Notes
Turn   | Place    | Note
-------+----------+-------------------------------------------
     0 | D:1      | Peloso the Minotaur Fighter began the quest for the Orb.
     0 | D:1      | Reached XP level 1. HP: 19/19 MP: 0/0
    90 | D:1      | Reached XP level 2. HP: 19/27 MP: 1/1
   284 | D:1      | Reached skill level 4 in Shields
   667 | D:2      | Reached XP level 3. HP: 31/33 MP: 2/2
   952 | D:2      | Noticed Jessica
   961 | D:2      | Killed Jessica
   962 | D:2      | Reached XP level 4. HP: 14/40 MP: 3/3
  1486 | D:3      | Found a broken altar of Ashenzari.
  1638 | D:3      | Found an iron altar of Okawaru.
  1652 | D:3      | Became a worshipper of Warmaster Okawaru
  1849 | D:3      | Found a faded altar of an unknown god.
  2214 | D:4      | Reached XP level 5. HP: 44/47 MP: 4/4
  2340 | D:4      | Found a shadowy altar of Dithmenos.
  2342 | D:4      | Found a hide-covered altar of Uskayaw.
  2342 | D:4      | Found a stormy altar of Qazlal.
  2345 | D:4      | Found a burning altar of Makhleb.
  2527 | D:4      | Reached skill level 5 in Armour
  2536 | D:4      | Reached skill level 1 in Dodging
  2928 | D:4      | Found a staircase to the Ecumenical Temple.
  3052 | D:5      | Entered Level 5 of the Dungeon
  3116 | D:5      | Noticed a wyvern
  3124 | D:5      | Killed a wyvern
  3125 | D:5      | Reached skill level 5 in Long Blades
  3125 | D:5      | Reached XP level 6. HP: 48/55 MP: 5/5
  3187 | D:5      | Noticed Menkaure
  3195 | D:5      | Killed Menkaure
  3195 | D:5      | Reached * piety under Okawaru
  3196 | D:5      | Reached skill level 5 in Fighting
  3281 | D:5      | Noticed Pikel
  3326 | D:5      | Killed Pikel
  3327 | D:5      | Reached skill level 5 in Shields
  3327 | D:5      | Reached XP level 7. HP: 14/61 MP: 2/6
  3813 | D:5      | Reached XP level 8. HP: 63/69 MP: 7/7
  4568 | D:6      | Reached ** piety under Okawaru
  5173 | D:7      | Reached XP level 9. HP: 44/75 MP: 8/8
  5318 | D:7      | Reached skill level 6 in Shields
  5638 | D:7      | Found an ornate altar of the Wu Jian Council.
  5733 | D:7      | Reached *** piety under Okawaru
  5819 | D:7      | Found a glowing silver altar of Zin.
  5819 | D:7      | Found a glowing golden altar of the Shining One.
  5819 | D:7      | Found a white marble altar of Elyvilon.
  5900 | D:7      | Reached skill level 10 in Long Blades
  6206 | D:7      | Found a blossoming altar of Fedhas.
  6398 | D:7      | Reached **** piety under Okawaru
  6812 | D:8      | Reached skill level 7 in Shields
  6902 | D:8      | Reached skill level 1 in Stealth
  6902 | D:8      | Reached XP level 10. HP: 66/86 MP: 9/9
  7127 | D:8      | Reached skill level 10 in Armour
  7583 | D:7      | Reached ***** piety under Okawaru
  8763 | D:9      | Found a flagged portal.
  8784 | D:9      | Noticed a brown ugly thing
  8901 | Bailey   | Entered a bailey
  8913 | Bailey   | Identified the +6 hand crossbow "Seholy" {elec, *Corrode
                  | rC+ Int+3} (Okawaru gifted it to you in a bailey)
  8913 | Bailey   | Received a gift from Okawaru
  9269 | Bailey   | Noticed Grum
  9283 | Bailey   | Killed Grum
  9997 | Bailey   | Reached XP level 11. HP: 83/95 MP: 8/10
 10242 | D:9      | Reached skill level 8 in Shields
 10599 | D:9      | Received a gift from Okawaru
 10765 | D:9      | Found a staircase to the Orcish Mines.
 10796 | D:9      | Found a staircase to the Lair.
 10841 | D:9      | Killed a brown ugly thing
 11272 | D:10     | Entered Level 10 of the Dungeon
 11313 | D:10     | Noticed a two-headed ogre
 11331 | D:10     | Killed a two-headed ogre
 11347 | D:10     | Noticed a tengu warrior
 11379 | D:10     | Killed a tengu warrior
 11380 | D:10     | Identified the +0 leather armour of Kiomuawk {rElec rCorr
                  | Str+3 Dex+2}
 12059 | D:10     | Found an opulent altar of Gozag.
 12060 | D:10     | Found Gozag's Platinum Reserve.
 12213 | D:11     | Noticed a centaur warrior
 12235 | D:11     | Reached skill level 1 in Invocations
 12250 | D:11     | Killed a centaur warrior
 12251 | D:11     | Reached skill level 9 in Shields
 12262 | D:11     | Noticed Sonja
 12275 | D:11     | Killed Sonja
 12275 | D:11     | Identified the +0 scale mail of Poroirphan {rN+} (Okawaru
                  | gifted it to you on level 11 of the Dungeon)
 12275 | D:11     | Received a gift from Okawaru
 13143 | Lair:1   | Entered Level 1 of the Lair of Beasts
 13344 | Lair:1   | Found an ancient bone altar of Kikubaaqudgha.
 13344 | Lair:1   | Noticed an oklob plant
 13364 | Lair:1   | Reached skill level 10 in Shields
 13584 | Lair:1   | Reached XP level 12. HP: 86/106 MP: 11/11
 14017 | Lair:2   | Noticed an eight-headed hydra
 14301 | Orc:1    | Entered Level 1 of the Orcish Mines
 14583 | Orc:1    | Found Osuoxex's Jewellery Emporium.
 14785 | Orc:1    | Noticed a two-headed ogre
 14785 | Orc:1    | Noticed a two-headed ogre
 14799 | Orc:1    | Killed a two-headed ogre
 14800 | Orc:1    | Reached skill level 5 in Dodging
 14800 | Orc:1    | Reached skill level 11 in Shields
 14808 | Orc:1    | Reached skill level 10 in Fighting
 14811 | Orc:1    | Killed a two-headed ogre
 14828 | Orc:1    | Noticed a two-headed ogre
 14837 | Orc:1    | Killed a two-headed ogre
 14955 | Orc:1    | Noticed a two-headed ogre
 14983 | Orc:1    | Killed a two-headed ogre
 14983 | Orc:1    | Noticed a two-headed ogre
 15000 | Orc:1    | Killed a two-headed ogre
 15125 | Orc:1    | Noticed a two-headed ogre
 15131 | Orc:1    | Killed a two-headed ogre
 15131 | Orc:1    | Received a gift from Okawaru
 15712 | D:12     | Found a faded altar of an unknown god.
 15746 | D:12     | Noticed a seven-headed hydra
 15756 | D:12     | Killed a 12-headed hydra
 15771 | D:12     | Noticed a two-headed ogre
 15779 | D:12     | Killed a two-headed ogre
 15780 | D:12     | Reached skill level 12 in Shields
 15958 | D:12     | Noticed Gastronok
 15982 | D:12     | Killed Gastronok
 16040 | D:12     | Found Eprurphao's Armour Shop.
 16052 | D:12     | Noticed a six-headed hydra
 16052 | D:12     | Noticed a two-headed ogre
 16058 | D:12     | Killed a two-headed ogre
 16060 | D:12     | Noticed Erolcha
 16062 | D:12     | Killed an eight-headed hydra
 16066 | D:12     | Found Xapy's Book Shoppe.
 16067 | D:12     | Noticed a seven-headed hydra
 16079 | D:12     | Killed Erolcha
 16374 | D:12     | Reached skill level 15 in Long Blades
 16374 | D:12     | Reached skill level 1 in Evocations
 16381 | D:12     | Noticed a two-headed ogre
 16389 | D:12     | Reached XP level 13. HP: 113/116 MP: 13/13
 16428 | D:12     | Found Sitexy's General Store.
 16603 | D:12     | Found Nenimp Hacs's Assorted Antiques.
 16642 | D:12     | Noticed Kirke
 16684 | D:12     | Killed Kirke
 16803 | D:12     | Found Dyff's General Store.
 16816 | D:12     | Bought a potion of heal wounds for 80 gold pieces
 17253 | Lair:2   | Reached ****** piety under Okawaru
 17301 | Lair:2   | Reached skill level 13 in Shields
 17545 | Lair:2   | Found a staircase to the Swamp.
 18268 | Lair:2   | Found a staircase to the Snake Pit.
 18535 | Lair:1   | Identified the +2 cloak of the Eternal Fruit {rPois}
                  | (Okawaru gifted it to you on level 1 of the Lair of Beasts)
 18535 | Lair:1   | Received a gift from Okawaru
 18693 | Orc:2    | Entered Level 2 of the Orcish Mines
 19413 | Orc:2    | Reached skill level 14 in Shields
 20508 | Orc:2    | Noticed Maurice
 20634 | Orc:1    | Killed Maurice
 20635 | Orc:1    | Reached skill level 15 in Shields
 20676 | Orc:2    | Found Useihoq's Antique Armour Shoppe.
 20880 | Orc:2    | Reached XP level 14. HP: 64/126 MP: 14/14
 21276 | Orc:2    | Found a staircase to the Elven Halls.
 21392 | Orc:2    | Found Xeus's Antique Weapon Shop.
 21392 | Orc:2    | Found Nejinid's Weapon Emporium.
 21394 | Orc:2    | Found Tessul's Armour Shoppe.
 21395 | Orc:2    | Found Puq Duna's Armour Boutique.
 21533 | Orc:2    | Bought a pair of dazzling gloves for 294 gold pieces
 21533 | Orc:2    | Identified the +1 pair of gloves "Suasuhol" {Drain rC+++
                  | rN+ Dex+5} (You bought it in a shop on level 2 of the
                  | Orcish Mines)
 22784 | Lair:3   | Found a snail-covered altar of Cheibriados.
 23221 | Lair:3   | Identified the +6 spear "Newtbane" {vorpal, Str+6}
 24075 | Lair:4   | Noticed Josephine
 24089 | Lair:3   | Killed Josephine
 24089 | Lair:3   | Received a gift from Okawaru
 24222 | Lair:4   | You fall into a shaft and drop 1 floor!
 24268 | Lair:5   | Found a gate leading to a gauntlet.
 24279 | Lair:5   | Reached skill level 1 in Short Blades
 24287 | Lair:5   | Reached skill level 15 in Armour
 24306 | Gauntlet | Entered a Gauntlet
 24306 | Gauntlet | Found a transporter.
 24306 | Gauntlet | Found a transporter.
 24310 | Gauntlet | Found a transporter.
 24310 | Gauntlet | Found a transporter.
 24317 | Gauntlet | Found a transporter.
 24338 | Gauntlet | Found a transporter.
 24347 | Gauntlet | Noticed a quicksilver ooze
 24349 | Gauntlet | Found a transporter.
 24350 | Gauntlet | Found a transporter.
 24362 | Gauntlet | Found a transporter.
 24396 | Gauntlet | Found a transporter.
 24404 | Gauntlet | Found a transporter.
 24437 | Gauntlet | Found a transporter.
 24478 | Gauntlet | Found a transporter.
 24495 | Gauntlet | Found a transporter.
 24632 | Gauntlet | Found a transporter.
 24648 | Gauntlet | Found a transporter.
 24794 | Gauntlet | Identified the amulet of Foniah {Reflect rCorr Int+5 Dex-2
                  | SH+5 Stlth+}
 24842 | Gauntlet | Killed a quicksilver ooze
 24843 | Gauntlet | Reached skill level 16 in Shields
 24944 | Gauntlet | Got the Compendium of Supportive Moulding
 24944 | Gauntlet | Got Vuqamont's Incunabulum of Earthen Envenoming
 26772 | Lair:6   | Entered Level 6 of the Lair of Beasts
 27355 | Lair:6   | Received a gift from Okawaru
 27523 | Lair:6   | Found a staircase to the Slime Pits.
 27543 | Lair:6   | Reached XP level 15. HP: 118/136 MP: 15/15
 27552 | Lair:6   | Reached skill level 17 in Shields
 27807 | Lair:6   | Paralysed by a hornet for 2 turns
 29432 | D:13     | Identified the +0 pair of boots of Indemnity {Rampage *Slow
                  | rElec Slay+6} (Okawaru gifted it to you on level 13 of the
                  | Dungeon)
 29432 | D:13     | Received a gift from Okawaru
 29847 | D:13     | Found a gate to the Vaults.
 30026 | D:13     | Noticed Azrael
 30065 | D:13     | Killed Azrael
 30299 | D:13     | Reached skill level 18 in Shields
 30442 | D:13     | Noticed Rupert
 30453 | D:13     | Killed Rupert
 30548 | D:13     | Noticed Urug
 30555 | D:13     | Killed Urug
 30985 | D:14     | Identified a scroll of acquirement
 31018 | D:15     | Entered Level 15 of the Dungeon
 31018 | D:15     | Noticed Jorgrun
 31143 | D:15     | Killed Jorgrun
 31144 | D:15     | Reached skill level 5 in Stealth
 31739 | D:14     | Received a gift from Okawaru
 31780 | D:14     | Noticed a sphinx
 31780 | D:14     | Noticed a fire giant
 31794 | D:14     | Paralysed by a sphinx for 2 turns
 31805 | D:14     | Killed a sphinx
 31811 | D:14     | Killed a fire giant
 31822 | D:14     | Identified the ring of Vodka {MP+9 Slay+3}
 32272 | D:15     | Found a white marble altar of Elyvilon.
 32275 | D:15     | Noticed Louise
 32287 | D:15     | Killed Louise
 32318 | D:15     | Reached XP level 16. HP: 147/147 MP: 16/16
 32320 | D:15     | Found a staircase to the Depths.
 32556 | D:15     | Reached skill level 19 in Shields
 32592 | D:15     | Identified the +2 tower shield of the Carpenter {rElec
                  | Int+2} (Okawaru gifted it to you on level 15 of the
                  | Dungeon)
 32592 | D:15     | Received a gift from Okawaru
 32850 | D:15     | Found a runed translucent gate.
 32850 | D:15     | Found a runed translucent gate.
 32850 | D:15     | Found a runed translucent gate.
 32851 | D:15     | Noticed Lyniq's ghost (journeyman DrTm)
 32856 | D:15     | Identified the +1 plate armour of Zofryoco {Drain rPois
                  | rC++ rN+}
 33184 | D:15     | Killed Lyniq's ghost
 33595 | D:15     | Reached skill level 15 in Fighting
 34244 | D:12     | Bought a scroll of identify for 32 gold pieces
 34618 | Snake:1  | Entered Level 1 of the Snake Pit
 34694 | Snake:1  | Noticed Asterion
 34709 | Snake:1  | Killed Asterion
 35028 | Snake:1  | Found a radiant altar of Vehumet.
 35452 | Snake:2  | Noticed Aizul
 35459 | Snake:2  | Killed Aizul
 35497 | Snake:2  | Received a gift from Okawaru
 35584 | Snake:2  | Found Gourean's Assorted Antiques.
 35586 | Snake:2  | Found Nuatosu's Distillery.
 35588 | Snake:2  | Found Liysaucw's Armour Boutique.
 35592 | Snake:2  | Bought a viscous sapphire potion for 24 gold pieces
 35592 | Snake:2  | Bought a scroll of identify for 54 gold pieces
 35594 | Snake:2  | Bought a potion of berserk rage for 85 gold pieces
 35594 | Snake:2  | Bought a potion of heal wounds for 85 gold pieces
 35594 | Snake:2  | Bought a potion of brilliance for 68 gold pieces
 35614 | Snake:2  | HP: 1/149 [salamander/+2 spear (10)]
 35614 | Snake:2  | Killed from afar by a naga mage

Illustrated notes

Levels and vault maps discovered:
D:1:      dpeg_arrival_erosion, layout_rooms, item_on_display_a
D:2:      layout_rooms, nicolae_concentric_dashed_squares_wild, uniq_jessica
D:3:      cheibrodos_old_hovel, layout_basic, nicolae_ashenzari_panopticon,
          mainiacjoe_overflow_cross_hatched,
          shapermc_ecumenical_altar_totnotflames
D:4:      cheibrodos_quashed, layout_loops_ring, grunt_temple_overflow_open,
          temple_green
D:5:      layout_gridville, uniq_menkaure, uniq_pikel
D:6:      layout_cave_pools
D:7:      layout_loops_ring, good_gods_mini_temple, fedhas_ov_isle_minmay,
          nicolae_overflow_crystal_walls, grunt_ministairs_7
D:8:      layout_basic, minmay_misc_feat_enclosed
D:9:      layout_basic, erik_lair_orcish_takeover, hiddenorc1_lemuel,
          enter_bailey_3
D:10:     layout_rooms, nicolae_gozag_zags_fifth_avenue
D:11:     layout_basic, uniq_sonja
D:12:     nicolae_cairo_tiling_very_big, layout_stronghold, serial_shops, shop,
          shop, nicolae_shop_window_shopping, shop_fountains,
          nicolae_shop_overgrown_old_shop, serial_column_ruins,
          column_ruins_temple_circle, column_ruins_columns_corner,
          column_ruins_open_medium, column_ruins_grid_1,
          column_ruins_columns_straight, amcnicky_mini_pool_small,
          uniq_gastronok, uniq_kirke, uniq_erolcha
D:13:     layout_grid_maze, david_vaults_2, special_room [special_room_orc],
          uniq_rupert, uniq_urug, uniq_azrael
D:14:     kennysheep_four_of_diamonds, layout_basic
D:15:     grunt_enter_depths_snipers, layout_loops_ring, elyvilon_altar_5,
          biasface_ghost_orc_armoury, uniq_jorgrun, uniq_louise
Lair:1:   layout_regular_city, lemuel_oklob_altar
Lair:2:   layout_cave_shapes, minmay_swamp_entry_swarm,
          minmay_snake_entry_guardpost_small, serial_bayou_shore_b
Lair:3:   lemuel_reptile_caves, layout_long_grid, minmay_lair_oklob_bushes,
          kennysheep_snail_temple
Lair:4:   layout_misc_corridors, patterned_corridor, uniq_josephine
Lair:5:   layout_hall_layers, gauntlet_entry_generic, grunt_megastairs_4,
          infiniplex_staircase_pool
Lair:6:   minmay_lair_end_enchanted_forest, layout_cave_pods,
          nicolae_slime_entry_slimehenge, grunt_forest_large_clearings,
          lemuel_fruit_fields, infiniplex_staircase_pool_2
Snake:1:  layout_rooms, basic_altar, grunt_ministairs_5, drop_trap, st_stairs_4,
          uniq_asterion
Snake:2:  layout_chambers, minmay_shop_star, grunt_megastairs_3, uniq_vashnia,
          uniq_aizul
Orc:1:    lemuel_ogre_cave, layout_diamond_mine, serial_shops,
          nicolae_shop_hallway_stairs
Orc:2:    st_orc_rangers, layout_diamond_mine, serial_shops, nicolae_shop_trees,
          uniq_maurice

Skill      XL: |  1  2  3  4  5  6  7  8  9 10 11 12 13 14 15 16 |
---------------+-------------------------------------------------+-----
Fighting       | 4 5 6 7 8 9 11 12 13 14 15 | 15.4
Shields        | 4 5 7 10 12 15 16 18 19 | 19.8
Armour         | 4 5 6 7 9 11 12 13 14 15 16 | 16.4
Long Blades    | 3 4 5 7 9 11 12 14 15 16 17 | 17.9
Dodging        | 1 2 3 4 5 6 7 |  7.4
Stealth        | 1 2 3 4 5 6 |  6.5
Invocations    | 1 2 |  2.9
Evocations     | 1 |  1.9
Short Blades   | 2 |  2.3

Action                   |  1- 3 |  4- 6 |  7- 9 | 10-12 | 13-15 | 16-18 || total
-------------------------+-------+-------+-------+-------+-------+-------++-------
Melee: Long sword        |    86 |   170 |    65 |       |       |       ||   321
       Headbutt          |    14 |    30 |    48 |   165 |   393 |    64 ||   714
       Falchion          |       |       |   182 |   715 |  1127 |       ||  2024
       Short sword       |       |       |       |       |    64 |       ||    64
       Double sword      |       |       |       |       |   402 |   245 ||   647
       Scimitar          |       |       |       |       |     7 |     3 ||    10
Throw: Throwing net      |       |       |       |       |       |     1 ||     1
Invok: Heroism           |       |     2 |     1 |    12 |    19 |     1 ||    35
Evoke: Wand              |       |       |       |    11 |     6 |       ||    17
  Use: Scroll            |       |       |       |    14 |    13 |     3 ||    30
       Potion            |       |       |       |     2 |     2 |     2 ||     6
 Stab: Paralysed         |       |       |       |     8 |       |       ||     8
       Sleeping          |       |       |       |       |    22 |    15 ||    37
       Distracted        |       |       |       |       |     4 |     3 ||     7
Armor: Scale mail        |    18 |       |       |       |       |       ||    18
       Chain mail        |    39 |    92 |   101 |   375 |   377 |       ||   984
       Shadow dragon sca |       |       |       |       |   333 |    60 ||   393
Dodge: Dodged            |    45 |    73 |    89 |   303 |   572 |    30 ||  1112
Block: Buckler           |    19 |    41 |    51 |   132 |       |       ||   243
       Kite shield       |       |       |       |   234 |  1615 |    51 ||  1900
       Reflection        |       |       |       |       |    30 |    29 ||    59
       Tower shield      |       |       |       |       |       |   226 ||   226
